 Dungeon Crawl Stone Soup version 0.24-a0-170-gd8427f5 (webtiles) character file.

Game seed: 3535393117646049338

1421 Dfrag the Firebug (level 8, -2/52 HPs)
             Began as a Demonspawn Fire Elementalist on Mar 9, 2019.
             Was a Follower of Vehumet.
             Shot with an arrow by a centaur (5 damage)
             ... on level 6 of the Dungeon.
             The game lasted 00:07:47 (4126 turns).

Dfrag the Firebug (Demonspawn Fire Elementalist)    Turns: 4126, Time: 00:07:47

Health: -2/52      AC:  3    Str: 13    XL:     8   Next: 44%
Magic:  16/16      EV: 12    Int: 22    God:    Vehumet [*.....]
Gold:   304        SH:  0    Dex: 14    Spells: 5/18 levels left

rFire    . . .     SeeInvis .   C - +3 dire flail (drain)
rCold    . . .     Gourm    .   (shield currently unavailable)
rNeg     . . .     Faith    .   w - +0 robe "Kogoi" {rElec rPois MR+ Int+3}
rPois    +         Spirit   .   (no helmet)
rElec    +         Reflect  .   (no cloak)
rCorr    +         Harm     .   z - +0 pair of gloves (curse)
MR       +....                  (no boots)
Stlth    +++.......             o - amulet of regeneration
HPRegen  0.57/turn              p - ring of resist corrosion
MPRegen  0.15/turn              v - ring of stealth

@: mighty, lightly drained
A: hooves 1, powered by death 1, powered by pain 1, sturdy frame 2
a: Renounce Religion


You were on level 6 of the Dungeon.
You worshipped Vehumet.
Vehumet was aware of your devotion.
You were not hungry.

You visited 2 branches of the dungeon, and saw 7 of its levels.

You collected 304 gold pieces.

Inventory:

Hand Weapons
 l - a +2 dagger of venom
 C - a +3 dire flail of draining (weapon)
Armour
 a - a +0 robe
 w - the +0 robe "Kogoi" (worn) {rElec rPois MR+ Int+3}
   (You found it on level 4 of the Dungeon)

   It affects your intelligence (+3).
   It insulates you from electricity.
   It protects you from poison.
   It affects your resistance to hostile enchantments.
 z - a cursed +0 pair of gloves (worn)
Magical Staves
 t - an uncursed staff of power
Jewellery
 o - an amulet of regeneration (around neck)
 p - a ring of resist corrosion (left hand)
 s - an uncursed amulet of the gourmand
 v - a ring of stealth (right hand)
Scrolls
 d - 6 scrolls of identify
 e - a scroll of amnesia {unknown}
 f - a scroll of immolation {unknown}
 g - a scroll of noise {unknown}
 i - 4 scrolls of teleportation {unknown}
 u - 2 scrolls of random uselessness {unknown}
 y - 2 scrolls of remove curse {unknown}
 D - a scroll of enchant armour {unknown}
Potions
 h - a potion of haste {unknown}
 j - a potion of berserk rage {unknown}
 k - 3 potions of brilliance {unknown}
 m - 2 potions of heal wounds {unknown}
 n - 4 potions of curing {unknown}
 q - a potion of agility {unknown}
 r - 3 potions of degeneration {unknown}
 x - a potion of resistance {unknown}
 A - a potion of mutation {unknown}
Comestibles
 c - 8 rations
 B - 8 chunks of flesh


   Skills:
 - Level 1.7(1.4) Dodging
 - Level 1.7(1.4) Stealth
 + Level 5.8(5.5) Spellcasting
 + Level 6.0(5.6) Conjurations
 + Level 6.1(5.8) Fire Magic


You had 5 spell levels left.
You knew the following spells:

 Your Spells              Type           Power        Failure   Level  Hunger
a - Flame Tongue          Conj/Fire      ####.        1%          1    None
b - Conjure Flame         Conj/Fire      ####....     2%          3    ##.....
c - Sticky Flame          Conj/Fire      ####....     9%          4    ####...
d - Fireball              Conj/Fire      ####......   26%         5    #####..

Your spell library contained the following spells:

 Spells                   Type           Power        Failure   Level  Hunger
 Sting                    Conj/Pois      ###.         3%          1    None
 Throw Flame              Conj/Fire      ####..       1%          2    None
 Inner Flame              Hex/Fire       ###.....     9%          3    ##.....
 Confusing Touch          Hex            #.....       10%         1    None
 Confuse                  Hex            #.......     28%         3    ##.....
 Gell's Gravitas          Tloc           #.........   28%         3    ##.....
 Petrify                  Tmut/Erth      #.......     67%         4    ####...
 Metabolic Englaciation   Hex/Ice        #.........   95%         5    #####..
 Yara's Violent Unravell  Hex/Tmut       #.........   95%         5    #####..


Dungeon Overview and Level Annotations

Branches:
Dungeon (6/15)             Temple (1/1) D:4

Altars:
Ashenzari
Dithmenos
Elyvilon
Fedhas
Gozag
Hepliaklqana
Kikubaaqudgha
Nemelex Xobeh
Okawaru
Qazlal
Ru
Sif Muna
Trog
Uskayaw
Vehumet
Wu Jian
Xom
Yredelemnul
The Shining One
Lugonu

Shops:
D:5 %

Annotations:
D:3 2 transporters, grandjackal's ghost, amateur DsGl


Innate Abilities, Weirdness & Mutations

You have large cloven feet.
You regenerate a little health from kills.
You sometimes gain a little power by taking damage.
Your movements are less encumbered by armour. (ER -4)


Message History

The arrow hits you!
The centaur shoots an arrow.
The arrow misses you.
The centaur shoots an arrow.
The arrow hits you!
The centaur shoots an arrow.
The arrow hits you.
Found a stone staircase leading down.
You see here 2 arrows.
The centaur shoots an arrow.
The arrow hits you!
* * * LOW HITPOINT WARNING * * *
You see here an arrow.
Casting: Sticky Flame (safe; 9% risk of failure)
Confirm with . or Enter, or press ? or * to list all spells.
Okay, then.
Okay, then.
The centaur shoots an arrow.
The arrow hits you.
* * * LOW HITPOINT WARNING * * *
You see here an arrow.
It was a potion of might.
You feel very mighty all of a sudden.
The centaur shoots an arrow.
The arrow hits you.
You die...

#.# #..# #.#
#.##. #.#
#..# #.#
#)#.. #.#
#>.. #.#
#รท#..
#.####.)# #.#
#)#..
#.##....# #.#
#.##. #.##.#
#.# #.##.
#.##.# #
#.###
#.##.##.#####
#..#
#(.((@.c.....
##)#
####.######.#
#.# #.# #.#
#># #.# #.#
#.# #.# #.##
#.# #... #.#
####


You could see a centaur.

Vanquished Creatures
  Edmund (D:6)
  A black bear (D:5)
  3 ogres
  2 centaurs
  3 bullfrogs (D:6)
  A scorpion (D:6)
  A crimson imp (D:6)
  A centaur zombie (D:6)
  A hound (D:4)
  A jelly (D:5)
  2 orc wizards
  An iguana (D:6)
  5 worker ants
  A hound skeleton (D:4)
  4 gnolls (D:5)
  10 adders
  An ooze (D:6)
  A worm (D:4)
  3 dart slugs
  6 leopard geckos
  14 orcs
  5 bats
  8 giant cockroaches
  4 goblins
  9 hobgoblins
  A quokka (D:5)
  5 frilled lizards
  A jackal skeleton (D:4)
  A jackal zombie (D:6)
  2 kobolds (D:1)
  A leopard gecko skeleton (D:4)
  7 rats
107 creatures vanquished.

Vanquished Creatures (others)
  A ball python (D:3)
1 creature vanquished.

Grand Total: 108 creatures vanquished

Notes
Turn   | Place    | Note
-------+----------+-------------------------------------------
     0 | D:1      | Dfrag the Demonspawn Fire Elementalist began the quest for
                  | the Orb.
     0 | D:1      | Reached XP level 1. HP: 13/13 MP: 3/3
   122 | D:1      | Gained mutation: You have large cloven feet. [demonic
                  | ancestry]
   122 | D:1      | Reached XP level 2. HP: 19/19 MP: 0/5
   458 | D:1      | Gained mutation: Your movements are slightly less
                  | encumbered by armour. (ER -2) [demonic ancestry]
   458 | D:1      | Reached XP level 3. HP: 11/24 MP: 1/6
  1164 | D:3      | Gained mutation: You sometimes gain a little power by
                  | taking damage. [demonic ancestry]
  1164 | D:3      | Reached XP level 4. HP: 30/30 MP: 5/8
  1196 | D:3      | Found an opulent altar of Gozag.
  1312 | D:3      | Noticed an ogre
  1313 | D:3      | Noticed grandjackal's ghost (amateur DsGl)
  1314 | D:3      | Found a transporter.
  1314 | D:3      | Found a transporter.
  1399 | D:3      | Learned a level 3 spell: Conjure Flame
  1404 | D:3      | Learned a level 4 spell: Sticky Flame
  1466 | D:3      | Found a stormy altar of Qazlal.
  1696 | D:3      | Found a basalt altar of Yredelemnul.
  1709 | D:3      | Found a glowing golden altar of the Shining One.
  1777 | D:3      | Found an ornate altar of the Wu Jian Council.
  1951 | D:3      | Found an ancient bone altar of Kikubaaqudgha.
  1951 | D:3      | Found a white marble altar of Elyvilon.
  2010 | D:3      | Noticed an angel
  2226 | D:4      | Reached XP level 5. HP: 28/35 MP: 9/9
  2267 | D:4      | Found a staircase to the Ecumenical Temple.
  2277 | Temple   | Entered the Ecumenical Temple
  2292 | Temple   | Became a worshipper of Vehumet
  2312 | D:4      | Found a blossoming altar of Fedhas.
  2603 | D:4      | Got a heavy robe
  2614 | D:4      | Identified the +0 robe "Kogoi" {rElec rPois MR+ Int+3} (You
                  | found it on level 4 of the Dungeon)
  2740 | D:4      | Noticed an ogre
  2748 | D:4      | Killed an ogre
  2748 | D:4      | Reached XP level 6. HP: 18/41 MP: 11/11
  2883 | D:5      | Entered Level 5 of the Dungeon
  2993 | D:5      | Found a hazy altar of Hepliaklqana.
  3154 | D:5      | Found a bloodstained altar of Trog.
  3167 | D:5      | Gained mutation: Your movements are less encumbered by
                  | armour. (ER -4) [demonic ancestry]
  3167 | D:5      | Reached XP level 7. HP: 32/46 MP: 13/13
  3407 | D:5      | Reached skill level 5 in Fire Magic
  3488 | D:5      | Found Githafoi's Food Emporium.
  3545 | D:6      | Found a hazy altar of Hepliaklqana.
  3614 | D:6      | Found a sacrificial altar of Ru.
  3623 | D:6      | Reached skill level 5 in Spellcasting
  3623 | D:6      | Reached skill level 5 in Conjurations
  3646 | D:6      | Reached * piety under Vehumet
  3646 | D:6      | Offered knowledge of Sting by Vehumet.
  3794 | D:6      | Found an iron altar of Okawaru.
  3807 | D:6      | Gained mutation: You regenerate a little health from kills.
                  | [demonic ancestry]
  3807 | D:6      | Reached XP level 8. HP: 21/52 MP: 15/15
  3951 | D:6      | Learned a level 5 spell: Fireball
  3981 | D:6      | Noticed Edmund
  4002 | D:6      | Killed Edmund
  4047 | D:6      | Found a deep blue altar of Sif Muna.
  4125 | D:6      | HP: 2/52 [centaur/arrow (6)]
  4126 | D:6      | Shot with an arrow by a centaur

Levels and vault maps discovered:
D:1:      dpeg_arrival_long_road, layout_basic
D:2:      layout_rooms, minmay_misc_feat_tiny
D:3:      layout_loops_ring, grunt_temple_overflow_holy_war,
          grunt_gozag_breadcrumbs, lemuel_doored_altar,
          gammafunk_temple_overflow_elements, grunt_qazlal_clouds, first_ration,
          gammafunk_ghost_smash, grunt_ministairs_12,
          chequers_serial_rivers_small_b
D:4:      layout_basic, minmay_temple_entry_junction_2, fedhas_altar_1
D:5:      layout_basic, basic_altar, serial_shops, kennysheep_little_box,
          trog_three_pillars_becter
D:6:      layout_loops_ring, lemuel_coloured_pillars_altar,
          grunt_temple_overflow_open, okawaru_gym_becter, uniq_edmund,
          uniq_eustachio
Temple:   corrupted_temple

Skill      XL: |  1  2  3  4  5  6  7  8 |
---------------+-------------------------+-----
Fire Magic     | 3 4 5 6 |  6.1
Conjurations   | 2 3 4 5 6 |  6.0
Spellcasting   | 3 4 5 |  5.8
Dodging        | |  1.7
Stealth        | |  1.7

Action                   |  1- 3 |  4- 6 |  7- 9 || total
-------------------------+-------+-------+-------++-------
Melee: Unarmed           |    18 |       |       ||    18
       Kick              |     4 |     4 |     8 ||    16
       Dagger            |     4 |    11 |       ||    15
       Staff             |       |     1 |    46 ||    47
       Dire flail        |       |       |     8 ||     8
 Cast: Flame Tongue      |    56 |    80 |    29 ||   165
       Sticky Flame      |       |     2 |    23 ||    25
  Use: Scroll            |       |     1 |       ||     1
       Potion            |       |       |     1 ||     1
 Stab: Sleeping          |       |       |     1 ||     1
  Eat: Chunk             |     1 |     6 |     7 ||    14
Armor: Robe              |     2 |     8 |    12 ||    22
Dodge: Dodged            |    26 |    37 |    55 ||   118

Table legend:
 A = Non-vault XP
 B = Vault XP
 C = Vault XP percentage of total XP
 D = Non-vault monster count
 E = Vault monster count
 F = Vault count percentage of total count
                 A         B        C        D         E       F
            +---------+---------+-------+---------+---------+-------
      Total |    1858 |     173 |   8.5 |     104 |       3 |   2.8
            +---------+---------+-------+---------+---------+-------
        D:1 |      44 |       0 |   0.0 |      23 |       0 |   0.0
        D:2 |      50 |       0 |   0.0 |      15 |       0 |   0.0
        D:3 |      58 |       4 |   6.5 |       9 |       2 |  18.2
        D:4 |     301 |       0 |   0.0 |      14 |       0 |   0.0
        D:5 |     483 |       0 |   0.0 |      14 |       0 |   0.0
        D:6 |     922 |     169 |  15.5 |      29 |       1 |   3.3
            +---------+---------+-------+---------+---------+-------
